 Dungeon Crawl Stone Soup version 0.30-a0-459-g9104f0fc43 (webtiles) character file.

Game seed: 8411829439979528944

105126 MackTheKnife the Spry (level 16, -15/129 HPs)
             Began as a Djinni Venom Mage on Dec 15, 2022.
             Was a Priest of Ashenzari.
             Demolished by a caustic shrike simulacrum (17 damage)
             ... in an ice cave.
             The game lasted 01:20:51 (26330 turns).

MackTheKnife the Spry (Djinni Venom Mage)          Turns: 26330, Time: 01:20:51

Health: -15/129    AC: 12    Str: 13    XL:     16   Next: 94%
Gold:   1602       EV: 18    Int: 27    God:    Ashenzari [***...] SH:  8 Dex: 16

rFire   + + +      SeeInvis +    i - +3 dagger (drain) {short}
rCold   + . .      Faith    .    t - +2 buckler of the Chained Negligence {Melee, Evo} (curse)
rNeg    + . .      Spirit   .    X - +0 ring mail {rC+} rPois โˆž Reflect .
                                 f - +2 hat {Will+}
rElec   +          Harm     .    b - +0 cloak "Gaze Upon Infinity" {Self, Melee} (curse)
rCorr   +          Rampage  .    G - +1 pair of gloves of Ashenzari's Sun {Melee, Cun} (curse)
Will    +++..      Clarity  +    (boots unavailable)
Stlth   +++.......               o - amulet "Cryptic Suspicion" {rN+ Will+ Regen+ Dex-2, Self, Fort} (curse)
HPRegen 1.21/turn                l - +6 ring of intelligence
MPRegen 0.00/turn                v - ring "Xuugi" {rElec Str+6 SInv Stlth+}

@: resistant, flying, studying 2 skills
A: sickness immunity, fire resistance 2, cold vulnerability 1, float, innate
caster, HP casting, extra vitality 1
a: Renounce Religion, Shatter the Chains


You were in an ice cave.
You worshipped Ashenzari.
Ashenzari was most pleased with you.
You visited 4 branches of the dungeon, and saw 22 of its levels.
You also visited: Sewer, Bailey and Ice Cave.

You collected 2677 gold pieces.
You spent 1075 gold pieces at shops.


Innate Abilities, Weirdness & Mutations

You are immune to sickness and miasma.
You are immune to poison.
Your flesh is very heat resistant. (rF++)
You are vulnerable to cold. (rC-)
You float through the air rather than walking.
You learn spells naturally, not from books.
Your magical power is your life essence.
You have superior vitality. (+4 MHP)


   Skills:
 - Level 14.0(16.3) Fighting
 - Level 9.9(13.1) Short Blades
 + Level 7.7(9.3) Armour
 - Level 15.0(16.5) Dodging
 - Level 1.5(2.7) Stealth
 - Level 5.6(7.2) Shields
 - Level 13.5(15.9) Spellcasting
 - Level 5.1(6.7) Evocations


You had 10 spell levels left.
You knew the following spells:

 Your Spells              Type           Power      Damage    Failure   Level
a - Sting                 Tmut/Pois      100%       1d8       0%          1
b - Poisonous Vapours     Pois/Air       100%       N/A       0%          2
c - Conjure Ball Lightni  Conj/Air       41%        3x3d14    1%          6
d - Olgreb's Toxic Radia  Pois           82%        N/A       1%          4
e - Necrotise             Necr           100%       1d9       0%          1
f - Summon Mana Viper     Hex/Summ       82%        N/A       1%          5
g - Lesser Beckoning      Tloc           100%       N/A       1%          3
h - Iskenderun's Mystic   Conj/Tloc      82%        2d16      1%          4
i - Call Imp              Summ           82%        N/A       0%          2
j - Mephitic Cloud        Conj/Pois/Air  82%        N/A       1%          3
r - Freezing Cloud        Conj/Ice/Air   41%        6-21      1%          5
Your spell library was empty.

Inventory:

Hand Weapons
 i - a +3 dagger of draining (weapon) {short}
   (You took it off a kobold on level 1 of the Dungeon)
Armour
 b - the cursed +0 cloak "Gaze Upon Infinity" (worn) {Self, Melee}
   (You found it on level 1 of the Dungeon)

   It has a curse which improves the following skills: Introspection: Fighting
   and Spellcasting.
   Melee Combat: Short Blades, Long Blades, Axes, Maces & Flails, Polearms,
   Staves and Unarmed Combat.
 f - a +2 hat of willpower (worn)
   (You took it off Gastronok on level 8 of the Dungeon)
 p - a +2 helmet of intelligence
   (You bought it in a shop on level 8 of the Dungeon)
 t - the cursed +2 buckler of the Chained Negligence (worn) {Melee, Evo}
   (You took it off a gnoll sergeant on level 10 of the Dungeon)

   It has a curse which improves the following skills: Melee Combat: Short
   Blades, Long Blades, Axes, Maces & Flails, Polearms, Staves and Unarmed
   Combat.
   Evocations: Evocations.
 G - the cursed +1 pair of gloves of Ashenzari's Sun (worn) {Melee, Cun}
   (You bought it in a shop on level 4 of the Dungeon)

   It has a curse which improves the following skills: Melee Combat: Short
   Blades, Long Blades, Axes, Maces & Flails, Polearms, Staves and Unarmed
   Combat.
   Cunning:   Dodging and Stealth.
 S - a +2 buckler
   (You took it off a spriggan on level 4 of the Lair of Beasts)
 X - a +0 ring mail of cold resistance (worn)
   (You took it off an orc on level 1 of the Orcish Mines)
Jewellery
 l - a +6 ring of intelligence (left hand)
   (You found it on level 3 of the Dungeon)
 o - the cursed amulet "Cryptic Suspicion" (around neck) {rN+ Will+ Regen+ Dex-2, Self, Fort}
   (You found it on level 8 of the Dungeon)

   [amulet of regeneration]

   Dex:       It affects your dexterity (-2).
   rN:        It protects you from negative energy.
   Regen:     It increases your rate of health regeneration.
   Will:      It increases your willpower.
   It has a curse which improves the following skills: Introspection: Fighting
   and Spellcasting.
   Fortitude: Armour and Shields.
 v - the ring "Xuugi" (right hand) {rElec Str+6 SInv Stlth+}
   (You bought it in a shop on level 2 of the Orcish Mines)

   [ring of strength]

   Str:       It affects your strength (+6).
   rElec:     It insulates you from electricity.
   SInv:      It lets you see invisible.
   Stlth:     It makes you more stealthy.
Wands
 m - a wand of digging (12)
   (You found it on level 8 of the Dungeon)
 A - a wand of paralysis (16)
   (You took it off a gnoll sergeant on level 10 of the Dungeon)
 C - a wand of iceblast (23)
   (You took it off Ijyb on level 4 of the Dungeon)
 L - a wand of light (15)
   (You found it on level 4 of the Lair of Beasts)
 V - a wand of mindburst (6)
   (You found it on level 5 of the Lair of Beasts)
 W - a wand of flame (23)
   (You took it off Maurice on level 8 of the Dungeon)
Scrolls
 a - 4 scrolls of enchant weapon
 c - 8 scrolls of teleportation {@r4}
 d - 4 scrolls of poison
 g - 3 scrolls of immolation {!r!r}
 j - 7 scrolls of fog
 r - a scroll of enchant armour
 x - 2 scrolls of brand weapon
 y - a scroll of magic mapping {!r}
 O - 2 scrolls of fear
Potions
 e - 4 potions of lignification {!q}
 h - a potion of brilliance
 k - a potion of haste {@q3}
 q - 6 potions of might
 u - 2 potions of ambrosia
 w - 4 potions of heal wounds {@q2}
 z - 10 potions of curing {@q1}
 D - a potion of mutation {!q}
 I - 2 potions of attraction {!q}
 J - 4 potions of invisibility
 K - 2 potions of berserk rage {!q}
Miscellaneous
 E - a phantom mirror
   (You found it on level 2 of the Lair of Beasts)
 F - a lightning rod (4/4)
   (You found it on level 2 of the Lair of Beasts)
 N - a box of beasts (inert)
   (You found it on level 11 of the Dungeon)
 Q - a phial of floods
   (You found it on level 5 of the Lair of Beasts)

Dungeon Overview and Level Annotations

Branches:
Dungeon (14/15) Zot: 26579  Temple (1/1) D:4 Zot: 5730    Lair (5/5) D:11 Zot: 23461
 Shoals (0/4) Lair:2        Snake (0/4) Lair:3        Slime (0/5) Lair:4
    Orc (2/2) D:9 Zot: 8925     Elf (0/3) Orc:2        Vaults (0/5) D:13
  Sewer (visited)          Bailey (visited)           IceCv (1/1) Zot: 5382

Altars:
Ashenzari
Cheibriados
Dithmenos
Fedhas
Gozag
Hepliaklqana
Makhleb
Nemelex Xobeh
Okawaru
Qazlal
Ru
Trog
Uskayaw
Wu Jian
Xom
Yredelemnul
Zin
The Shining One

Shops:
D:2 [   D:4 *   D:6 :(   D:8 [   D:12 (   Orc:2 =(![

Annotations:
D:4 exclusions: 2 downstairs and oklob plant
D:5 Dowan, Duvessa
Lair:4 exclusion: 4 oklob plants

* * '.......',
, ##.8...8.## *
* .'.......'.*
*,###.8...8.###
* '..รท........
###.8...8.### *
#.'.......'.#,*
###.8...8.###
#.Z@......'.# *
###'#...#'###'
* #.#...#.# , *
,###...### * *
#...# *##
#...#'## #โŒ
?##'##[โŒ #
###.u#...#..###
#.####...####.#


You could see a caustic shrike simulacrum.


Message History

There is a fountain of sparkling water here.
There is an open door here.
Casting: Conjure Ball Lightning (dangerous; 1% risk of failure)
Confirm with . or Enter, or press ? or * to list all spells.
A mana viper appears with a sibilant hiss. ๐Ÿ˜• HP[-4]
You take 4 damage, and now have 125/129 hp. ๐Ÿ˜• HP[+2]
You regained 2 hp, and now have 127/129 hp. ๐Ÿ˜• HP[+1]
You reach down and open the door.
A caustic shrike simulacrum comes into view.
The caustic shrike simulacrum claws you.
The caustic shrike simulacrum freezes you!!!
Your mana viper closely misses the caustic shrike simulacrum. ๐Ÿ˜ฎ HP[-39]
You take 39 damage, and now have 89/129 hp.
MASSIVE DAMAGE!! (PAUSE)
Okay, then.
Okay, then.
Okay, then.
Okay, then.
You feel protected.
The caustic shrike simulacrum claws you!
The caustic shrike simulacrum freezes you!
You resist.
Your mana viper barely misses the caustic shrike simulacrum.
The caustic shrike simulacrum claws you!
* * * LOW HITPOINT WARNING * * *
The caustic shrike simulacrum freezes you!!
You resist.
* * * LOW HITPOINT WARNING * * *
๐Ÿ˜ฑ HP[-60]
You take 60 damage, and now have 29/129 hp.
MASSIVE DAMAGE!! (PAUSE) Unknown command.
You feel much better.
Your mana viper barely misses the caustic shrike simulacrum.
The caustic shrike simulacrum barely misses you.
Your mana viper bites the caustic shrike simulacrum!
The caustic shrike simulacrum claws you!
* * * LOW HITPOINT WARNING * * *
The caustic shrike simulacrum freezes you!!
You resist.
* * * LOW HITPOINT WARNING * * *
๐Ÿ˜ฑ HP[-13]
You take 13 damage, and now have 16/129 hp.
Okay, then.
Okay, then.
Unknown command.
You feel much better.
The caustic shrike simulacrum misses you.
Your mana viper bites the caustic shrike simulacrum. ๐Ÿ˜จ HP[+27]
You regained 27 hp, and now have 43/129 hp.
You feel much better.
The caustic shrike simulacrum claws you.
* * * LOW HITPOINT WARNING * * *
The caustic shrike simulacrum freezes you!
You resist.
* * * LOW HITPOINT WARNING * * *
Your mana viper closely misses the caustic shrike simulacrum.
The caustic shrike simulacrum claws you.
* * * LOW HITPOINT WARNING * * *
The caustic shrike simulacrum freezes you!!
You resist.
* * * LOW HITPOINT WARNING * * *
๐Ÿ˜ฑ HP[-28]
You take 28 damage, and now have 15/129 hp.
MASSIVE DAMAGE!! (PAUSE)
You feel much better.
The caustic shrike simulacrum completely misses you.
Your mana viper closely misses the caustic shrike simulacrum.
The caustic shrike simulacrum closely misses you.
Your mana viper bites the caustic shrike simulacrum!! ๐Ÿ˜จ HP[+19]
You regained 19 hp, and now have 34/129 hp.
You feel much better.
The caustic shrike simulacrum claws your mana viper!!
The caustic shrike simulacrum freezes your mana viper!!!
Your mana viper dies!
Your mana viper disappears in a puff of smoke!
The caustic shrike simulacrum claws you!
* * * LOW HITPOINT WARNING * * *
The caustic shrike simulacrum freezes you!!
You resist.
* * * LOW HITPOINT WARNING * * *
๐Ÿ˜ฑ HP[-9]
You take 9 damage, and now have 25/129 hp.
You feel much better.
The caustic shrike simulacrum claws you!
* * * LOW HITPOINT WARNING * * *
The caustic shrike simulacrum freezes you!!
You resist.
* * * LOW HITPOINT WARNING * * *
The caustic shrike simulacrum claws you!
* * * LOW HITPOINT WARNING * * *
The caustic shrike simulacrum freezes you!
You resist.
You die...

Skill      XL: |  1  2  3  4  5  6  7  8  9 10 11 12 13 14 15 16 |
---------------+-------------------------------------------------+-----
Fighting       | 1 2 3 4 7 8 9 11 12 14 | 14.0
Spellcasting   | 3 4 5 6 7 8 9 10 12 13 | 13.5
Dodging        | 4 6 7 8 14 15 | 15.0
Short Blades   | 2 4 8 9 |  9.9
Shields        | 5 |  5.6
Evocations     | 5 |  5.1
Armour         | 7 |  7.7
Stealth        | |  1.5

Action                   |  1- 3 |  4- 6 |  7- 9 | 10-12 | 13-15 | 16-18 || total
-------------------------+-------+-------+-------+-------+-------+-------++-------
Melee: Unarmed           |     4 |       |       |       |       |       ||     4
       Whip              |    19 |       |       |       |       |       ||    19
       Dagger            |    16 |    94 |   159 |   130 |   411 |   158 ||   968
       Punch             |       |     1 |     4 |     1 |       |       ||     6
 Cast: Sting             |    26 |       |       |     1 |       |       ||    27
       Poisonous Vapours |    30 |    25 |    39 |     1 |       |       ||    95
       Necrotise         |     1 |     8 |    22 |     3 |       |     2 ||    36
       Call Imp          |       |     5 |    10 |     7 |       |       ||    22
       Mephitic Cloud    |       |    11 |    28 |       |       |       ||    39
       Olgreb's Toxic Ra |       |       |    26 |    75 |    99 |    39 ||   239
       Iskenderun's Myst |       |       |     8 |    20 |    13 |     6 ||    47
       Freezing Cloud    |       |       |       |    76 |   134 |    45 ||   255
       Summon Mana Viper |       |       |       |       |    39 |    25 ||    64
       Conjure Ball Ligh |       |       |       |       |       |    26 ||    26
Invok: Curse Item        |       |       |       |     2 |     3 |     2 ||     7
       Shatter the Chain |       |       |       |       |     2 |     1 ||     3
Evoke: Wand              |       |       |     1 |    17 |     2 |     3 ||    23
       Box of beasts     |       |       |       |     1 |     1 |     1 ||     3
       Lightning rod     |       |       |       |       |     3 |     4 ||     7
       Phial of floods   |       |       |       |       |       |     1 ||     1
  Use: Scroll            |       |     7 |     8 |     2 |     2 |     1 ||    20
       Potion            |       |     2 |       |       |       |     9 ||    11
 Stab: Sleeping          |     1 |     2 |     1 |       |     3 |       ||     7
       Confused          |       |     8 |     9 |       |       |       ||    17
       Paralysed         |       |       |       |     1 |       |       ||     1
       Distracted        |       |       |       |       |     1 |     2 ||     3
Armor: Robe              |     7 |     2 |       |       |       |       ||     9
       Skin              |       |     4 |       |       |       |       ||     4
       Leather armour    |       |     6 |    24 |     7 |       |       ||    37
       Steam dragon scal |       |       |       |     8 |       |       ||     8
       Troll leather arm |       |       |       |    11 |    45 |       ||    56
       Ring mail         |       |       |       |       |     3 |    18 ||    21
Dodge: Dodged            |    25 |    41 |    98 |   108 |   237 |    75 ||   584
Block: Buckler           |       |       |       |    10 |   137 |    39 ||   186

Levels and vault maps discovered:
D:1:      evilmike_arrival_fibonacci_small, layout_rooms
D:2:      layout_basic, serial_shops, shop_statue
D:3:      layout_rooms, kennysheep_generic_room_13
D:4:      layout_basic, tgw_fedhas, minmay_temple_entry_stoned_glass,
          lightli_sewer_entry_pipes, nicolae_inconvenience_store, st_stairs_5,
          uniq_ijyb
D:5:      layout_basic, mainiacjoe_overflow_alcove_2,
          mainiacjoe_overflow_brackets, chequers_serial_rivers_micro_d,
          chequers_serial_rivers_marsh, uniq_edmund, uniq_duvessa
D:6:      layout_basic, mainiacjoe_overflow_paths,
          gammafunk_temple_overflow_statue, lemuel_coloured_pillars_altar,
          serial_shops, shop, nicolae_shop_hallway_stairs, shop,
          chequers_serial_rivers_micro_b, uniq_blork_the_orc
D:7:      layout_rooms, minmay_misc_feat_four_crosses
D:8:      gammafunk_sealed_arena, layout_loops_ring,
          nicolae_tso_besieged_by_evil, serial_shops, nicolae_stop_n_shop_2,
          uniq_gastronok, uniq_maurice, uniq_pikel
D:9:      layout_loops_ring, hiddenorc2_lemuel, enter_bailey_4,
          chequers_serial_rivers_small_b, uniq_psyche
D:10:     layout_layer_cave, marbit_many_paths, st_stairs_10
D:11:     layout_cross, minmay_lair_entry_grove, kiku_gazebo_pond_becter
D:12:     layout_irregular_city, serial_shops, nicolae_diamond_shop
D:13:     layout_rooms, david_vaults_1
D:14:     minmay_curly_fans, layout_loops_ring,
          portal_ice_cave_entry_ice_simulacra, serial_shops,
          nicolae_shop_bloodbath_and_beyond, nicolae_sif_muna_little_library,
          uniq_jorgrun
Temple:   oiseaux_autumnal_temple
Lair:1:   layout_roguey, minmay_lair_oklob_bushes, beast_lair_carwin_7,
          uniq_maggie
Lair:2:   layout_concentric_octagons, minmay_shoals_entry_lonely_mermaid,
          infiniplex_staircase_pool_2, lemuel_fruit_fields
Lair:3:   layout_roguey, guppyfry_snake_entry_garden
Lair:4:   wad_woods_minihive, layout_misc_corridors,
          minmay_slime_entry_oklob_open, serial_bayou_crossing
Lair:5:   evilmike_catoblepas_cave, layout_big_grid,
          chequers_serial_rivers_room_a
Orc:1:    layout_caves
Orc:2:    pubby_orc_utopia, serial_shops
IceCv:    ice_cave_tombish

Notes
Turn   | Place    | Note
-------+----------+-------------------------------------------
     0 | D:1      | MackTheKnife the Djinni Venom Mage began the quest for the
                  | Orb.
     0 | D:1      | MackTheKnife set off with the following spells memorised:
                  | Sting, Poisonous Vapours, Mephitic Cloud, Olgreb's Toxic
                  | Radiance.
     0 | D:1      | Reached XP level 1. HP: 15/15 MP: 0/0
     0 | D:1      | magus.rc [v1.9.6]
   151 | D:1      | Reached skill level 1 in Fighting
   151 | D:1      | Reached XP level 2. HP: 20/22 MP: 0/0
   515 | D:1      | Reached XP level 3. HP: 26/27 MP: 0/0
   515 | D:1      | Learned a level 1 spell: Necrotise
   851 | D:2      | Reached skill level 3 in Spellcasting
   900 | D:2      | Reached skill level 2 in Fighting
   947 | D:2      | Found Ygoi's Armour Boutique.
  1108 | D:2      | Reached XP level 4. HP: 29/33 MP: 0/0
  1345 | D:2      | Identified +0 gold dragon scales
  1346 | D:2      | m - +0 gold dragon scales {rare}
  1441 | D:2      | You drop +0 gold dragon scales {rare}.
  1832 | D:3      | Reached skill level 3 in Fighting
  1832 | D:3      | Reached XP level 5. HP: 22/40 MP: 0/0
  1832 | D:3      | Learned a level 2 spell: Call Imp
  2389 | D:4      | Noticed Ijyb
  2437 | D:4      | Found a staircase to the Ecumenical Temple.
  2445 | Temple   | Entered the Ecumenical Temple
  2787 | D:4      | Identified the +0 pair of gloves of Ruwkacs {Harm Drain
                  | Will+ Int+5}
  2892 | D:4      | Reached skill level 4 in Spellcasting
  2899 | D:4      | Reached XP level 6. HP: 37/46 MP: 0/0
  2992 | D:4      | Found a glowing drain.
  3000 | Sewer    | Entered a sewer
  3189 | Sewer    | Reached skill level 5 in Spellcasting
  3189 | Sewer    | Reached XP level 7. HP: 48/50 MP: 0/0
  3189 | Sewer    | Learned a level 3 spell: Lesser Beckoning
  3433 | Sewer    | Reached skill level 3 in Dodging
  3964 | D:4      | Found Roigruf's General Store.
  4387 | D:5      | Entered Level 5 of the Dungeon
  4462 | D:4      | Killed Ijyb
  4608 | D:4      | Found a blossoming altar of Fedhas.
  4625 | D:4      | Noticed an oklob plant
  4720 | D:4      | Bought a potion of curing for 30 gold pieces
  4720 | D:4      | Bought a +0 pair of gloves for 45 gold pieces
  4989 | D:5      | Reached skill level 4 in Fighting
  5145 | D:5      | Reached skill level 4 in Dodging
  5145 | D:5      | Reached XP level 8. HP: 44/58 MP: 0/0
  5873 | D:5      | Noticed Duvessa
  5873 | D:5      | Noticed Dowan
  5934 | D:5      | Noticed Edmund
  5950 | D:5      | Killed Edmund
  5951 | D:5      | Reached skill level 5 in Dodging
  6071 | D:5      | Found a shimmering altar of Xom.
  6250 | D:5      | Reached skill level 6 in Spellcasting
  6446 | D:6      | Found Eheq's Antique Weapon Shop.
  6668 | D:6      | Found a snail-covered altar of Cheibriados.
  6668 | D:6      | Found a broken altar of Ashenzari.
  6673 | D:6      | Became a worshipper of Ashenzari the Shackled
  6822 | D:6      | Reached skill level 6 in Dodging
  6923 | D:6      | Noticed Blork the orc
  6933 | D:6      | Killed Blork the orc
  6934 | D:6      | Reached XP level 9. HP: 46/63 MP: 0/0
  6934 | D:6      | Learned a level 4 spell: Iskenderun's Mystic Blast
  7070 | D:6      | Found Xois's Book Boutique.
  7331 | D:6      | Found a hide-covered altar of Uskayaw.
  7416 | D:6      | Found Bymy's Assorted Antiques.
  7468 | D:6      | Reached skill level 5 in Fighting
  7492 | D:6      | Found an ornate altar of the Wu Jian Council.
  7591 | D:7      | Reached skill level 7 in Dodging
  8069 | D:7      | Reached skill level 6 in Fighting
  8719 | D:8      | Noticed Maurice
  8860 | D:8      | Killed Maurice
  8861 | D:8      | Reached skill level 7 in Fighting
  8861 | D:8      | Reached skill level 7 in Spellcasting
  8935 | D:8      | Noticed a slime creature
  8939 | D:8      | Found a transporter.
  8939 | D:8      | Noticed a cyclops
  8939 | D:8      | Noticed an orange crystal statue
  8940 | D:8      | Noticed a cyan ugly thing
  8941 | D:8      | Found a transporter.
  8941 | D:8      | Noticed a brown ugly thing
  8971 | D:8      | Noticed a freezing wraith
  9002 | D:8      | Reached XP level 10. HP: 72/75 MP: 0/0
  9083 | D:8      | Found Joptuush's Antique Armour Emporium.
  9118 | D:8      | Bought a runed helmet for 202 gold pieces
  9160 | D:8      | Found a glowing golden altar of the Shining One.
  9161 | D:8      | Noticed Pikel
  9175 | D:8      | Killed Pikel
  9363 | D:8      | Reached skill level 8 in Fighting
  9437 | D:8      | Noticed Gastronok
  9583 | D:8      | Killed Gastronok
  9584 | D:8      | Reached skill level 8 in Spellcasting
  9974 | D:9      | Reached skill level 1 in Short Blades
 10128 | D:9      | Reached skill level 2 in Short Blades
 10132 | D:9      | Found a flagged portal.
 10143 | Bailey   | Entered a bailey
 10199 | Bailey   | Reached XP level 11. HP: 69/84 MP: 0/0
 10199 | Bailey   | Learned a level 5 spell: Freezing Cloud
 10270 | Bailey   | Reached skill level 3 in Short Blades
 10270 | Bailey   | Reached skill level 8 in Dodging
 10366 | Bailey   | Reached skill level 4 in Short Blades
 10595 | Bailey   | Noticed an orc warlord
 10655 | Bailey   | an orc warrior comes into view. It is wielding the +8 demon
                  | blade "Leech" {vamp, Harm Drain rN+}.
 10661 | Bailey   | Here: an orc warrior, wielding the +8 demon blade "Leech"
                  | {vamp, Harm Drain rN+} and wearing a +0 chain mail (strong)
 10661 | Bailey   | Here: an orc warrior, wielding the +8 demon blade "Leech"
                  | {vamp, Harm Drain rN+} and wearing a +0 chain mail (strong)
 10690 | D:9      | Reached skill level 9 in Fighting
 11074 | D:9      | Found a staircase to the Orcish Mines.
 11169 | D:9      | Noticed Psyche
 11173 | D:9      | Killed Psyche
 11883 | D:10     | Entered Level 10 of the Dungeon
 12081 | D:10     | Reached skill level 9 in Spellcasting
 12434 | D:10     | Reached skill level 1 in Shields
 12453 | D:10     | Found an iron altar of Okawaru.
 12536 | D:11     | Reached skill level 2 in Shields
 12542 | D:11     | Noticed a brown ugly thing
 12543 | D:11     | Reached skill level 3 in Shields
 12556 | D:10     | Reached skill level 4 in Shields
 12621 | D:11     | Noticed a cyclops
 12626 | D:11     | Noticed a manticore
 12628 | D:11     | Killed a cyclops
 12629 | D:11     | Reached skill level 5 in Shields
 12629 | D:11     | Reached XP level 12. HP: 66/92 MP: 0/0
 12632 | D:11     | Reached skill level 10 in Fighting
 12645 | D:11     | Noticed a boulder beetle
 12657 | D:11     | Killed a boulder beetle
 12928 | D:11     | Reached * piety under Ashenzari
 12971 | D:11     | Identified the amulet of Qovuzy {rN+ Will+ Regen+ Dex-2}
 13090 | D:11     | Found a staircase to the Lair.
 13101 | Lair:1   | Entered Level 1 of the Lair of Beasts
 13185 | Lair:1   | Reached skill level 1 in Evocations
 13191 | Lair:1   | Reached skill level 2 in Evocations
 13192 | Lair:1   | Reached skill level 3 in Evocations
 13230 | Lair:1   | Reached skill level 4 in Evocations
 13239 | Lair:1   | Noticed Maggie
 13246 | Lair:1   | Killed Maggie
 13247 | Lair:1   | Reached skill level 5 in Evocations
 13302 | Lair:1   | Reached skill level 11 in Fighting
 13473 | Lair:1   | Found the +18 Lear's hauberk
 13625 | Lair:1   | Reached skill level 10 in Spellcasting
 13690 | Lair:1   | magus.rc [v1.9.6]
 13695 | Lair:1   | Reached XP level 13. HP: 86/101 MP: 0/0
 13695 | Lair:1   | Learned a level 5 spell: Summon Mana Viper
 14355 | Lair:2   | HP: 16/102 [death yak (24)]
 14356 | Lair:2   | Reached skill level 12 in Fighting
 14549 | Lair:2   | Noticed a six-headed hydra
 14559 | Lair:2   | Killed a six-headed hydra
 14602 | Lair:2   | Found a staircase to the Shoals.
 14605 | Lair:2   | Reached skill level 11 in Spellcasting
 15139 | Lair:2   | Noticed a five-headed hydra
 15149 | Lair:2   | Killed a five-headed hydra
 15150 | Lair:2   | Reached skill level 12 in Spellcasting
 15410 | Lair:2   | Identified a scroll of acquirement
 15422 | Lair:2   | Reached XP level 14. HP: 103/110 MP: 0/0
 15438 | Lair:2   | Reached skill level 9 in Dodging
 15444 | Lair:2   | Acquired 649 gold pieces
 15752 | Lair:3   | Reached skill level 10 in Dodging
 15964 | Lair:3   | Found a staircase to the Snake Pit.
 16185 | Lair:3   | Reached skill level 11 in Dodging
 16628 | Lair:4   | Reached skill level 12 in Dodging
 16865 | Lair:4   | Reached skill level 13 in Dodging
 17444 | Lair:4   | Found a staircase to the Slime Pits.
 17788 | Lair:4   | Reached skill level 14 in Dodging
 18089 | Lair:5   | Entered Level 5 of the Lair of Beasts
 18118 | Lair:5   | Reached XP level 15. HP: 106/115 MP: 0/0
 18118 | Lair:5   | Learned a level 6 spell: Conjure Ball Lightning
 18296 | Lair:5   | Reached skill level 15 in Dodging
 19219 | Lair:5   | Reached skill level 13 in Spellcasting
 19292 | Lair:5   | Reached ** piety under Ashenzari
 20071 | Orc:1    | Entered Level 1 of the Orcish Mines
 20223 | Orc:1    | Reached *** piety under Ashenzari
 20389 | Orc:2    | Entered Level 2 of the Orcish Mines
 20873 | Orc:2    | Acquired a manual of Short Blades
 20944 | Orc:2    | Reached skill level 5 in Short Blades
 21156 | Orc:2    | Reached skill level 6 in Short Blades
 21536 | Orc:2    | Found Jiriaman's Jewellery Emporium.
 21588 | Orc:2    | Bought the ring "Xuugi" {rElec Str+6 SInv Stlth+} for 798
                  | gold pieces
 21613 | Orc:2    | Reached skill level 7 in Short Blades
 21922 | Orc:2    | Found Pessaeh's Antique Weapon Shoppe.
 21929 | Orc:2    | Reached skill level 8 in Short Blades
 21929 | Orc:2    | Reached XP level 16. HP: 107/122 MP: 0/0
 22182 | Orc:2    | Found a staircase to the Elven Halls.
 22341 | Orc:2    | Reached skill level 9 in Short Blades
 22749 | Orc:2    | Found Nudum's Distillery.
 22952 | Orc:2    | Found Fasusm's Armour Shoppe.
 23519 | D:8      | Identified the amulet of Qovuzy {rN+ Will+ Regen+ Dex-2}
 23526 | D:8      | Reached skill level 13 in Fighting
 23832 | D:12     | Found Vuoruedd's Weapon Boutique.
 24666 | D:13     | Reached skill level 14 in Fighting
 24811 | D:13     | Reached skill level 1 in Armour
 24968 | D:13     | Reached skill level 2 in Armour
 24969 | D:13     | Reached skill level 3 in Armour
 25009 | D:13     | Reached skill level 4 in Armour
 25020 | D:13     | Found a gate to the Vaults.
 25392 | D:14     | Found a frozen archway.
 25443 | D:14     | Reached skill level 5 in Armour
 25688 | IceCv    | Entered an ice cave
 25697 | IceCv    | Reached skill level 6 in Armour
 26028 | IceCv    | Reached skill level 7 in Armour
 26036 | IceCv    | Noticed an Ice Fiend
 26041 | IceCv    | Killed an Ice Fiend
 26118 | IceCv    | Noticed an Ice Fiend
 26125 | IceCv    | Killed an Ice Fiend
 26199 | IceCv    | HP: 3/129 [seven-headed hydra simulacrum (32)]
 26324 | IceCv    | HP: 29/129 [caustic shrike simulacrum (25)]
 26329 | IceCv    | HP: 25/129 [caustic shrike simulacrum (22)]
 26330 | IceCv    | HP: 2/129 [caustic shrike simulacrum (15)]
 26330 | IceCv    | Demolished by a caustic shrike simulacrum

Vanquished Creatures
  2 Ice Fiends (IceCv)
  Gastronok (D:8)
  An orc warlord (Orc:2)
  A hydra (Lair:2)
  A centaur warrior (D:14)
  3 boulder beetles
  2 catoblepae (Lair:5)
  4 two-headed ogres
  4 orc high priests (Orc:2)
  21 death yaks
  A bog body (IceCv)
  2 lindwurms (Lair:4)
  An obsidian statue (IceCv)
  A spriggan simulacrum (D:14)
  An orange crystal statue (D:8)
  Pikel (D:8)
  3 orc knights (Orc:2)
  A necromancer (D:13)
  4 orc sorcerers (Orc:2)
  3 ugly things
  2 deep elf pyromancers
  8 cyclopes
  A moth of wrath (shapeshifter) (D:14)
  An oklob plant (Lair:1)
  6 manticores
  Maurice (D:8)
  11 elephants
  A merfolk siren (Lair:2)
  2 black mambas
  Psyche (D:9)
  15 cane toads
  Maggie (Lair:1)
  A kobold demonologist (D:12)
  2 anaconda simulacra
  3 freezing wraiths
  6 komodo dragons
  5 yaktaurs (D:13)
  A rime drake (Lair:1)
  A polar bear (Lair:3)
  3 golden dragon simulacra (IceCv)
  2 ice devils (IceCv)
  2 hornets
  7 trolls
  2 meliai (Lair:4)
  29 blink frogs
  6 dream sheep (Lair:5)
  5 slime creatures
  7 spriggans (Lair:4)
  8 wyverns
  A dire elephant simulacrum (D:14)
  53 yaks
  A wraith (D:9)
  2 basilisks
  2 minotaur simulacra (D:14)
  A steam dragon (D:9)
  2 wargs (Orc:2)
  A vampire mosquito (D:8)
  2 nagas (Lair:3)
  3 acid dragons
  A harpy simulacrum (IceCv)
  Edmund (D:5)
  4 hydra simulacra (IceCv)
  52 orc warriors
  8 water moccasins
  3 ettin simulacra (IceCv)
  An alligator simulacrum (IceCv)
  3 black bears
  12 wolves
  14 ogres
  3 centaurs
  7 kobold brigands
  14 bullfrogs
  A necrophage (D:6)
  A gnoll sergeant (D:10)
  A deep troll simulacrum (D:14)
  5 scorpions
  7 wights
  39 killer bees
  2 lindwurm simulacra
  11 howler monkeys
  26 orc priests
  A jelly (D:6)
  4 hounds
  2 gnoll boudas
  6 iguanas
  Ijyb (D:4)
  17 orc wizards
  18 gnolls
  6 adders
  5 river rats
  A shadow imp (D:8)
  2 white imps
  3 worms
  4 dart slugs
  118 orcs
  3 bats (D:1)
  6 endoplasms
  2 giant cockroaches
  22 goblins
  16 hobgoblins
  5 jackals
  2 quokkas
  8 ball pythons
  7 frilled lizards
  A goblin skeleton (D:8)
  30 kobolds
  2 kobold skeletons (D:8)
  3 kobold zombies (D:8)
  An orc zombie (D:8)
  11 rats
  6 bushes (Lair:1)
795 creatures vanquished.

Vanquished Creatures (collateral kills)
  3 hydras
  3 catoblepae
  A two-headed ogre (Orc:2)
  An obsidian statue (IceCv)
  A deep elf pyromancer (D:13)
  An orc knight (Orc:2)
  A manticore (D:14)
  6 elephants
  3 rime drakes
  A gargoyle (D:13)
  2 komodo dragons
  2 freezing wraiths
  2 trolls (Orc:1)
  A polar bear (Lair:5)
  A meliai (Lair:4)
  2 spriggans (Lair:4)
  A wyvern (Lair:5)
  2 vampires
  A wraith (D:14)
  4 yaks
  2 water moccasins
  An orc warrior (Orc:1)
  An alligator simulacrum (D:14)
  An ogre (Orc:1)
  A kobold brigand (Sewer)
  Blork the orc (D:6)
  A bullfrog (D:8)
  2 killer bees (Lair:4)
  2 howler monkeys (D:12)
  A jelly (D:5)
  A hound (D:5)
  A river rat (D:4)
  An ufetubus (D:5)
  A dart slug (D:4)
  A ball python (Sewer)
  A hobgoblin zombie (D:8)
  A kobold (Sewer)
  An orc zombie (D:8)
  4 ball lightnings
64 creatures vanquished.

Vanquished Creatures (others)
  An orc (D:5)
  A rat (D:4)
  54 ball lightnings
  38 fungi
  72 plants
166 creatures vanquished.

Grand Total: 1025 creatures vanquished

Table legend:
 A = Non-vault XP
 B = Vault XP
 C = Vault XP percentage of total XP
 D = Non-vault monster count
 E = Vault monster count
 F = Vault count percentage of total count
                 A         B        C        D         E       F
            +---------+---------+-------+---------+---------+-------
      Total |   81651 |   68530 |  45.6 |     415 |     434 |  51.1
            +---------+---------+-------+---------+---------+-------
        D:1 |      47 |       0 |   0.0 |      28 |       0 |   0.0
        D:2 |      24 |       0 |   0.0 |      10 |       0 |   0.0
        D:3 |     103 |       0 |   0.0 |      16 |       0 |   0.0
        D:4 |     107 |     141 |  56.9 |      11 |      13 |  54.2
        D:5 |     532 |     154 |  22.4 |      18 |       1 |   5.3
        D:6 |     579 |      94 |  14.0 |      11 |       1 |   8.3
        D:7 |     825 |       0 |   0.0 |      21 |       0 |   0.0
        D:8 |     820 |    5625 |  87.3 |      20 |      21 |  51.2
        D:9 |    2001 |     994 |  33.2 |      25 |      38 |  60.3
       D:10 |    1253 |     895 |  41.7 |      23 |       5 |  17.9
       D:11 |    5961 |    1446 |  19.5 |      20 |      11 |  35.5
       D:12 |    5437 |       0 |   0.0 |      18 |       0 |   0.0
       D:13 |    6552 |    3749 |  36.4 |      14 |       5 |  26.3
       D:14 |    2156 |    2880 |  57.2 |       4 |      10 |  71.4
     Lair:1 |    4064 |    4789 |  54.1 |      15 |      13 |  46.4
     Lair:2 |   16920 |     458 |   2.6 |      40 |       1 |   2.4
     Lair:3 |    7163 |     332 |   4.4 |      20 |       2 |   9.1
     Lair:4 |   12294 |    5010 |  29.0 |      44 |      45 |  50.6
     Lair:5 |   12848 |   10885 |  45.9 |      39 |      23 |  37.1
      Orc:1 |    1965 |       0 |   0.0 |      18 |       0 |   0.0
      Orc:2 |       0 |   18944 | 100.0 |       0 |     148 | 100.0
      Sewer |       0 |     475 | 100.0 |       0 |      26 | 100.0
     Bailey |       0 |    1568 | 100.0 |       0 |      47 | 100.0
      IceCv |       0 |   10091 | 100.0 |       0 |      24 | 100.0
            +---------+---------+-------+---------+---------+-------

Illustrated notes

Table legend:
 A = Kills in this place as a percentage of kills in entire the game.
 B = Kills by you in this place as a percentage of kills by you in the entire game.
 C = Kills by friends in this place as a percentage of kills by friends in the entire game.
 D = Other kills in this place as a percentage of other kills in the entire game.
 E = Experience gained in this place as a percentage of experience gained in the entire game.
 F = Experience gained in this place divided by the number of levels of this place that you have seen.
                   A       B       C       D       E      F
               +-------+-------+-------+-------+-------+----------------------
         Total | 100.0 | 100.0 | 100.0 | 100.0 | 100.0 | 6007.2
       Dungeon |  40.5 |  40.9 |  35.0 |  50.0 |  28.2 | 3026.8
          Lair |  28.5 |  27.2 |  46.7 |   0.0 |  49.8 | 14952.6
  Orcish Mines |  19.6 |  20.3 |  10.0 |   0.0 |  13.9 | 10454.5
         Sewer |   3.1 |   2.8 |   5.0 |  50.0 |   0.3 | 475.0
        Bailey |   5.5 |   6.0 |   0.0 |   0.0 |   1.0 | 1568.0
      Ice Cave |   2.8 |   2.8 |   3.3 |   0.0 |   6.7 | 10091.0
               +-------+-------+-------+-------+-------+----------------------

Table legend: (Time is in decaauts)
 A = Elapsed time spent in this place.
 B = Non-inter-level travel time spent in this place.
 C = Inter-level travel time spent in this place.
 D = Time resting spent in this place.
 E = Time spent auto-exploring this place.
 F = Levels seen in this place.
 G = Mean time per level.
                   A        B        C        D        E       F      G
               +--------+--------+--------+--------+--------+-----+--------+
         Total |  26131 |  24621 |   1510 |   6134 |  12778 |  25 | 1045.2 |
       Dungeon |  14319 |  13316 |   1003 |   2973 |   7262 |  14 | 1022.8 |
        Temple |    269 |    255 |     14 |      0 |    222 |   1 |  269.0 |
          Lair |   6538 |   6202 |    336 |   1511 |   3471 |   5 | 1307.6 |
  Orcish Mines |   3074 |   2919 |    155 |    989 |   1340 |   2 | 1537.0 |
         Sewer |    795 |    795 |      0 |    177 |    300 |   1 |  795.0 |
        Bailey |    516 |    516 |      0 |    135 |    168 |   1 |  516.0 |
      Ice Cave |    617 |    617 |      0 |    349 |     15 |   1 |  617.0 |
               +--------+--------+--------+--------+--------+-----+--------+

Top non-repeatable levels by time:
   Orc:2: 2643 daAuts
     D:4: 1961 daAuts
     D:9: 1601 daAuts
     D:8: 1562 daAuts
  Lair:5: 1514 daAuts
  Lair:4: 1501 daAuts
  Lair:2: 1468 daAuts
     D:6: 1146 daAuts
     D:7: 1136 daAuts
  Lair:1: 1135 daAuts
     D:5: 1009 daAuts
     D:3: 944 daAuts
  Lair:3: 918 daAuts
     D:1: 843 daAuts
    D:10: 802 daAuts
